 Dungeon Crawl Stone Soup version 0.21-a0-442-g848f44b (console) character file.

16 hexaflexagon the Caller (level 2, 0/20 HPs)
             Began as a Hill Orc Summoner on Nov 15, 2017.
             Slain by a vampire bat (2 damage)
             ... on level 2 of the Dungeon.
             The game lasted 00:02:22 (1731 turns).

hexaflexagon the Caller (Hill Orc Summoner)         Turns: 1731, Time: 00:02:23

Health: 0/20       AC:  3    Str: 10    XL:     2   Next: 58%
Magic:  14/14      EV: 12    Int: 15    God:
Gold:   22         SH:  0    Dex: 11    Spells: 4/5 levels left

rFire    . . .     SeeInvis .   d - +0 dagger
rCold    . . .     Gourm    .   (no shield)
rNeg     . . .     Faith    .   a - +0 robe
rPois    .         Spirit   .   (no helmet)
rElec    .         Reflect  .   (no cloak)
rCorr    .         Harm     .   n - +0 pair of gloves
MR       .....                  (no boots)
Stlth    ++........             j - amulet of inaccuracy (curse)
HPRegen  0.06/turn              m - ring of magical power
MPRegen  0.14/turn              (no ring)

@: hasted, very quick
A: no striking features
a: no special abilities


You were on level 2 of the Dungeon.
You were not hungry.

You visited 1 branch of the dungeon, and saw 2 of its levels.

You collected 22 gold pieces.

Inventory:

Hand Weapons
 d - a +0 dagger (weapon)
Armour
 a - a +0 robe (worn)
 n - a +0 pair of gloves (worn)
Jewellery
 j - a cursed amulet of inaccuracy (around neck)
 m - a ring of magical power (left hand)
Scrolls
 e - 2 scrolls of remove curse {unknown}
 h - a scroll of recharging {unknown}
 l - a scroll of identify {unknown}
Potions
 o - a potion of lignification {unknown}
Books
 b - a book of Callings

   Spells                             Type                      Level
   a - Summon Small Mammal            Summoning                    1
   b - Call Imp                       Summoning                    2
   c - Call Canine Familiar           Summoning                    3
   d - Summon Guardian Golem          Hexes/Summoning              3
   e - Summon Lightning Spire         Summoning/Air                4
   f - Summon Ice Beast               Ice/Summoning                4
Comestibles
 c - a bread ration
 f - 4 fruits
 i - 2 chunks of flesh
 k - a meat ration


   Skills:
 - Level 1.5 Dodging
 - Level 1.5 Stealth
 + Level 2.0 Spellcasting
 + Level 4.3 Summonings


You had 4 spell levels left.
You knew the following spells:

 Your Spells              Type           Power        Failure   Level  Hunger
a - Summon Small Mammal   Summ           ##..         3%          1    #......


Dungeon Overview and Level Annotations

Branches:
Dungeon (2/15)

Altars:
Kikubaaqudgha


Message History

The bat skeleton barely misses you.
Found an ancient bone altar of Kikubaaqudgha.
The bat skeleton hits you but does no damage.
The bat skeleton hits you.
The bat skeleton hits you but does no damage.
The vampire bat closely misses you. The bat skeleton barely misses you.
The vampire bat bites you.
The vampire bat draws strength from your injuries!
The vampire bat bites you.
* * * LOW HITPOINT WARNING * * *
The vampire bat draws strength from your injuries!
The vampire bat bites you but does no damage.
It was a potion of haste.
You feel yourself speed up. The vampire bat bites you.
* * * LOW HITPOINT WARNING * * *
The vampire bat draws strength from your injuries!
The vampire bat bites you but does no damage.
The bat zombie hits you but does no damage.
The vampire bat bites you.
You die...

##Z#.#.#.#.## #.#.⌠.#.⌠.#.#
##.#.#.#Z#.## #.⌠.#.⌠.#.ZZ#
#.#.#.#.#.##..
##.⌠Z#.⌠Z###.#
#.#)#.#Z#.##.#
#..#.⌠.#bZ##.#
#.#.#.#.#@##.#
##.⌠.#.⌠.###.# ##.....## #.#
.#####'''#####.####
..................##########
#######.#########.....<.....
........# ############
#########


You could see a vampire bat, 2 bat zombies and a bat skeleton.

Vanquished Creatures
  A dart slug (D:1)
  A bat zombie (D:2)
  A giant cockroach (D:1)
  3 goblins (D:1)
  2 hobgoblins (D:1)
  A frilled lizard (D:1)
  5 rats (D:1)
14 creatures vanquished.

Vanquished Creatures (collateral kills)
  A goblin (D:1)
1 creature vanquished.

Grand Total: 15 creatures vanquished

Notes
Turn   | Place    | Note
-------+----------+-------------------------------------------
     0 | D:1      | hexaflexagon the Hill Orc Summoner began the quest for the Orb.
     0 | D:1      | Reached XP level 1. HP: 14/14 MP: 3/3
   841 | D:1      | Reached XP level 2. HP: 20/20 MP: 4/4
  1724 | D:2      | Found an ancient bone altar of Kikubaaqudgha.
  1724 | D:2      | Noticed a vampire bat
  1724 | D:2      | Noticed a vampire bat
  1731 | D:2      | Slain by a vampire bat

Vault maps used:
D:1:      minmay_arrival_stone_box
D:2:      grunt_temple_overflow_opulence, kennysheep_vampire_church,
          nrook_mini_vaults, minmay_misc_feat_enclosed,
          nicolae_ru_great_annihilating_truth

Skill      XL: |  1  2 |
---------------+-------+-----
Spellcasting   | 2 |  2.0
Dodging        | |  1.5
Stealth        | |  1.5
Summonings     | |  4.3

Action                   || total
-------------------------++-------
Melee: Unarmed           ||    31
       Dagger            ||    69
 Cast: Summon Small Mamm ||     5
  Use: Potion            ||     1
 Stab: Sleeping          ||     1
  Eat: Chunk             ||     3
Armor: Robe              ||    51
Dodge: Dodged            ||   120

Table legend:
 A = Spawn XP
 B = Non-spawn XP
 C = Spawn XP percentage of total XP
 D = Spawn monster count
 E = Non-spawn monster count
 F = Spawn count percentage of total count
 G = Total turns spent on level
                    A         B        C        D         E        F      G
               +---------+---------+-------+---------+---------+-------+---------
         Total |       0 |      24 |   0.0 |       0 |      15 |   0.0 |  1731
               +---------+---------+-------+---------+---------+-------+---------
           D:1 |       0 |      22 |   0.0 |       0 |      14 |   0.0 |  1682
           D:2 |       0 |       2 |   0.0 |       0 |       1 |   0.0 |    49
               +---------+---------+-------+---------+---------+-------+---------
